 Dungeon Crawl Stone Soup version 0.31-a0-200-gbc41564c69 (webtiles) character file.

Game seed: 3186827223961970651

161 qw the Skirmisher (level 5, -5/31 HPs)
             Began as a Deep Elf Hunter on June 25, 2023.
             Killed from afar by Ijyb (10 damage)
             ... with a bolt of acid
             ... on level 3 of the Dungeon.
             The game lasted 00:01:04 (2265 turns).

qw the Skirmisher (Deep Elf Hunter)                 Turns: 2265, Time: 00:01:05

Health: -5/31      AC: -3    Str:  9    XL:     5   Next: 18%
Magic:  7/7        EV: 10    Int: 18    God:
Gold:   106        SH:  0    Dex: 17    Spells: 4/4 levels left

rFire   + . .        Y - +0 shortbow
rCold   . . .        (shield currently unavailable)
rNeg    . . .        f - +0 ring mail
rPois   .            (no helmet)
rElec   .            (no cloak)
rCorr   .            (no gloves)
SInv    .            (no boots)
Will    .....        (no amulet)
Stlth   +            (no ring)
HPRegen 0.25/turn    (no ring)
MPRegen 0.10/turn

%: no passive effects
@: corroded
A: clever 1, fire resistance 1, robust 1
a: no special abilities


You were on level 3 of the Dungeon.
You visited 1 branch of the dungeon, and saw 3 of its levels.

You collected 106 gold pieces.


Innate Abilities, Weirdness & Mutations

Your mind is acute. (Int +4, Str/Dex -1)
Your flesh is heat resistant. (rF+)
You are robust. (+10% HP)


   Skills:
 - Level 1.5 Fighting
 + Level 8.6 Ranged Weapons
 - Level 2.4 Dodging
 - Level 1.2 Stealth


You had 4 spell levels left.
You didn't know any spells.
Your spell library was empty.

Inventory:

Hand Weapons
 Y - a +0 shortbow (weapon)
Armour
 f - a +0 ring mail (worn)
Jewellery
 k - a ring of ice
Scrolls
 b - a scroll of amnesia {unknown}
 g - a scroll of identify
 i - a scroll of immolation {unknown}
Potions
 a - a potion of enlightenment
 c - a potion of berserk rage {unknown}
 d - a potion of curing {unknown}
 e - a potion of lignification {unknown}
 h - a potion of heal wounds {unknown}
 j - a potion of mutation

Dungeon Overview and Level Annotations

Branches:
Dungeon (3/15)

Altars:

Annotations:
D:3 Ijyb


Message History

Enter note:
Enter note:
Enter note:
Enter note:
Enter note:
Enter note: You see here a +4 war axe.
Enter note:
Enter note:
Enter note:
Enter note:
Enter note:
Enter note: Ijyb the Twisted Goblin comes into view.
She is wielding a +0 dagger and carrying a wand of acid (9).
Ijyb shouts!
Enter note:
Enter note:
Enter note:
Enter note:
Enter note:
Enter note: You shoot an arrow.
The arrow closely misses Ijyb.
You shoot an arrow. The arrow hits Ijyb but does no damage.
Ijyb zaps a wand.
The bolt of acid hits you! The acid corrodes you!
You shoot an arrow. The arrow closely misses Ijyb.
Ijyb closely misses you.
You shoot an arrow. The arrow completely misses Ijyb.
Ijyb hits you with a +0 dagger.
You shoot an arrow. The arrow hits Ijyb but does no damage.
Ijyb zaps a wand.
The bolt of acid misses you.
You shoot an arrow. The arrow hits Ijyb.
Ijyb is lightly wounded.
Ijyb hits you with a +0 dagger. Ijyb closely misses you.
You shoot an arrow. The arrow hits Ijyb but does no damage.
Ijyb is lightly wounded.
Ijyb zaps a wand.
The bolt of acid hits you! The acid corrodes you!
You shoot an arrow. The arrow hits Ijyb.
Ijyb is moderately wounded.
Ijyb zaps a wand.
The bolt of acid hits you!
You die...

#.##.#.....# ##.
#.#.....# .. .
##.#### #.# #.# #
#.#####.####
#.##.....).#..
#......#####.#
####...#####g####.#
##......@.......
########.####.# .#
.. ###


You could see Ijyb.

Vanquished Creatures
  A sleepcap (D:3)
  4 adders (D:2)
  A shadow imp (D:3)
  An adder zombie (D:2)
  An adder skeleton (D:2)
  A dart slug (D:1)
  An orc (D:3)
  10 ball pythons
  7 bats
  2 bat skeletons (D:2)
  A bat zombie (D:2)
  4 endoplasms
  3 giant cockroaches
  7 goblins
  5 hobgoblins
  6 jackals (D:1)
  4 kobolds
  3 quokkas (D:1)
  3 ball python skeletons (D:2)
  A frilled lizard (D:1)
  A jackal zombie (D:2)
  A quokka skeleton (D:2)
  6 rats
74 creatures vanquished.

Notes
Turn   | Place    | Note
-------+----------+-------------------------------------------
     0 | D:1      | qw the Deep Elf Hunter began the quest for the Orb.
     0 | D:1      | Reached XP level 1. HP: 12/12 MP: 3/3
     0 | D:1      | 0 ||| qw: Version: 0.3-a-22-g0ed2b0b
     0 | D:1      | 0 ||| qw: Game counter: 5676
     0 | D:1      | 0 ||| qw: Melee chars always use a shield: true
     0 | D:1      | 0 ||| qw: God list: Okawaru
     0 | D:1      | 0 ||| qw: Allow faded altars: false
     0 | D:1      | 0 ||| qw: Do Orc after clearing Dungeon:15 true
     0 | D:1      | 0 ||| qw: Do second Lair branch before Depths: true
     0 | D:1      | 0 ||| qw: Lair rune preference: random
     0 | D:1      | 0 ||| qw: Goals: Normal
     0 | D:1      | 0 ||| PLANNING D:1-11
    93 | D:1      | Reached XP level 2. HP: 16/16 MP: 4/4
   107 | D:1      | Reached skill level 6 in Ranged Weapons
   382 | D:1      | Reached XP level 3. HP: 20/20 MP: 5/5
   728 | D:1      | 728 ||| UPGRADING to +0 ring mail.
   738 | D:1      | 738 ||| DROPPING +0 leather armour.
   739 | D:1      | 739 ||| READING scroll labelled WAFYOQ SEHAC.
   744 | D:1      | 744 ||| READING scroll labelled RIODDE EVUNOMAG.
   745 | D:1      | 745 ||| DROPPING scroll of butterflies.
   786 | D:2      | Reached skill level 7 in Ranged Weapons
   971 | D:2      | 971 ||| Stepping ~*~*~tactically~*~*~ (water).
   975 | D:2      | 975 ||| DRINKING 2 fuming sapphire potions.
   975 | D:2      | Gained mutation: Potions are less effective at restoring
                  | your health. [potion of mutation]
   975 | D:2      | Gained mutation: Your mind is acute. (Int +4, Str/Dex -1)
                  | [potion of mutation]
   975 | D:2      | Gained mutation: Your flesh is heat resistant. (rF+)
                  | [potion of mutation]
   975 | D:2      | Gained mutation: Your system is resistant to poisons.
                  | (rPois) [potion of mutation]
   976 | D:2      | 976 ||| DRINKING potion of mutation.
   976 | D:2      | Lost mutation: Potions are less effective at restoring your
                  | health. [potion of mutation]
   976 | D:2      | Lost mutation: Your system is resistant to poisons. (rPois)
                  | [potion of mutation]
   976 | D:2      | Gained mutation: You are robust. (+10% HP) [potion of
                  | mutation]
  1023 | D:2      | Reached XP level 4. HP: 22/27 MP: 6/6
  1312 | D:2      | Reached skill level 8 in Ranged Weapons
  1632 | D:2      | 1632 ||| READING scroll labelled TIHUS NYMERPH.
  1633 | D:2      | 1633 ||| READING scroll labelled UCIRIN RURRIO.
  1634 | D:2      | 1634 ||| DRINKING 2 smoky grey potions.
  1705 | D:3      | Found a faded altar of an unknown god.
  1802 | D:3      | Reached XP level 5. HP: 8/31 MP: 7/7
  2257 | D:3      | Noticed Ijyb
  2264 | D:3      | HP: 5/31 [Ijyb/bolt of acid (9)]
  2265 | D:3      | Killed from afar by Ijyb

Levels and vault maps discovered:
D:1:      lightli_arrival_quake, layout_loops_ring, nicolae_titane
D:2:      layout_basic, serial_undead, serial_undead_a, serial_undead_d,
          serial_undead_e, serial_undead_f, serial_undead_b, chequers_big_river,
          hangedman_decor_clover_reticule, hex_intersection
D:3:      layout_loops_cross, chequers_ecumenical_altar_simple, uniq_ijyb

Skill      XL: |  1  2  3  4 |
---------------+-------------+-----
Ranged Weapons | 6 7 8 |  8.6
Fighting       | |  1.5
Dodging        | |  2.4
Stealth        | |  1.2

Action                     |  1- 3 |  4- 6 || total
---------------------------+-------+-------++-------
   Fire: Shortbow          |   149 |   104 ||   253
    Use: Scroll            |     2 |     2 ||     4
         Potion            |     2 |     1 ||     3
 Armour: Leather armour    |     8 |       ||     8
         Ring mail         |    22 |    21 ||    43
  Dodge: Dodged            |    66 |    32 ||    98

Table legend:
 A = Non-vault XP
 B = Vault XP
 C = Vault XP percentage of total XP
 D = Non-vault monster count
 E = Vault monster count
 F = Vault count percentage of total count
                 A         B        C        D         E       F
            +---------+---------+-------+---------+---------+-------
      Total |     208 |      22 |   9.6 |      64 |      10 |  13.5
            +---------+---------+-------+---------+---------+-------
        D:1 |      62 |       0 |   0.0 |      34 |       0 |   0.0
        D:2 |      79 |      22 |  21.8 |      19 |      10 |  34.5
        D:3 |      67 |       0 |   0.0 |      11 |       0 |   0.0
            +---------+---------+-------+---------+---------+-------
